AoeStats
← ChronoMiner

Black Forest

510912870Analyzed
3v3 RM · 13h ago on Oct 3, 2026· 56m 38s· 6 players
Game mode
Random Map
Map size
Normal (6 player)
Population
200
Speed
Normal
Resources
Standard
Victory
Conquest
Starting age
Dark Age
Ending age
Imperial Age
RankedLock teamsTeams togetherTeam positionsShared explorationLock speedFull tech treeHidden civsTurbo modeCheats
Victory
Defeat
🇧🇷 Italians · Brazil
925
+9
🇻🇪 Dravidians · Venezuela
876
+11
🇦🇷 Saxons · Argentina
862
+11
🇦🇷 Teutons · Argentina
795
-12
🇲🇽 Lithuanians · Mexico
754
-10
🇺🇸 Franks · United States
718
-9
snipejawn07
13:20 Feudal Age
16:00 Wheelbarrow
20:15 Castle Age
18:28 Double-Bit Axe
19:46 Gold Mining
19:57 Stone Mining
20:38 Scale Barding Armor
24:54 Bow Saw
27:37 Hand Cart
28:48 Caravan
29:49 Loom
36:48 Imperial Age
34:07 Town Watch
35:20 Husbandry
37:35 Chain Barding Armor
37:27 Forging
37:15 Cavalier
39:02 Plate Barding Armor
38:35 Chivalry
39:00 Conscription
40:14 Theocracy
40:06 Illumination
39:59 Block Printing
40:27 Iron Casting
39:22 Paladin
43:02 Blast Furnace
42:04 Scale Mail Armor
41:56 Fletching
42:07 Padded Archer Armor
44:07 Elite Skirmisher
44:52 Bodkin Arrow
46:11 Devotion
46:19 Crossbowman
49:43 Leather Archer Armor
49:45 Chain Mail Armor
gustavoar
1:27 Loom
14:15 Feudal Age
14:59 Double-Bit Axe
15:06 Gold Mining
14:59 Horse Collar
16:37 Wheelbarrow
22:17 Castle Age
23:09 Heavy Plow
23:23 Bow Saw
23:51 Hand Cart
23:55 Stone Mining
27:05 Town Watch
30:44 Imperial Age
28:14 Fletching
29:29 Caravan
30:56 Bodkin Arrow
31:59 Forging
31:53 Town Patrol
32:25 Crop Rotation
33:12 Stone Shaft Mining
35:18 Conscription
35:44 Ironclad
35:54 Crenellations
37:11 Iron Casting
36:37 Elite Teutonic Knight
37:20 Squires
37:13 Gambesons
37:14 Arson
38:22 Hoardings
39:16 Two-Man Saw
41:13 Blast Furnace
40:09 Heavy Scorpion
43:52 Padded Archer Armor
43:55 Scale Mail Armor
44:59 Chemistry
44:12 Siege Engineers
44:23 Siege Engineers
50:14 Onager
55:06 Scale Barding Armor
ocelopilli Luis
0:30 Loom
15:15 Feudal Age
23:31 Castle Age
25:17 Double-Bit Axe
25:15 Horse Collar
25:28 Gold Mining
25:30 Stone Mining
26:15 Bow Saw
26:08 Heavy Plow
26:18 Husbandry
26:28 Bloodlines
32:18 Fervor
32:24 Scale Barding Armor
35:52 Wheelbarrow
35:02 Town Watch
36:57 Stone Shaft Mining
38:15 Hill Forts
38:30 Forging
38:46 Hand Cart
39:59 Chain Barding Armor
42:12 Iron Casting
41:28 Fletching
45:06 Imperial Age
42:38 Town Patrol
42:26 Treadmill Crane
42:59 Masonry
43:43 Ballistics
43:23 Bodkin Arrow
43:40 Caravan
46:13 Conscription
45:17 Elite Leitis
47:28 Chemistry
46:59 Architecture
47:29 Plate Barding Armor
49:08 Plate Barding Armor
52:50 Bracer
Abyssus
0:51 Loom
13:31 Feudal Age
14:39 Horse Collar
14:51 Double-Bit Axe
20:41 Castle Age
19:50 Stone Mining
19:57 Gold Mining
23:27 Fletching
23:42 Scale Mail Armor
23:55 Thumb Ring
24:45 Arson
25:01 Squires
26:02 Ballistics
28:13 Padded Archer Armor
34:56 Wheelbarrow
34:50 Bow Saw
34:53 Bodkin Arrow
36:23 Heavy Plow
37:41 Bodkin Arrow
40:19 Imperial Age
38:26 Hand Cart
39:04 Caravan
39:54 Leather Archer Armor
39:59 Town Watch
42:18 Bracer
42:52 Ring Archer Armor
43:27 Chemistry
42:16 Pikeman
43:41 Wootz Steel
43:43 Conscription
45:08 Two-Man Saw
44:56 Halberdier
45:48 Medical Corps
46:26 Chain Mail Armor
46:37 Forging
46:12 Elite Elephant Archer
46:58 Murder Holes
47:13 Masonry
48:50 Guilds
49:31 Elite Skirmisher
52:38 Iron Casting
52:33 Plate Mail Armor
52:49 Coinage
53:23 Hoardings
53:39 Town Patrol
54:12 Banking
ChronoMiner
0:35 Loom
16:39 Feudal Age
17:12 Double-Bit Axe
17:09 Horse Collar
23:59 Castle Age
23:58 Gold Mining
24:00 Stone Mining
24:55 Heavy Plow
25:07 Bow Saw
27:25 Fletching
28:40 Stone Shaft Mining
28:15 Caravan
28:44 Town Watch
29:35 Wheelbarrow
28:26 Elite Skirmisher
29:12 Thumb Ring
29:26 Bodkin Arrow
30:25 Town Patrol
35:03 Imperial Age
35:11 Imperial Age
34:34 Hand Cart
38:46 Chemistry
37:41 Murder Holes
38:07 Ballistics
37:38 Heated Shot
39:01 Silk Road
39:17 Elite Genoese Crossbowman
40:20 Conscription
40:12 Pirotechnia
40:17 Bloodlines
40:07 Husbandry
40:13 Bracer
43:59 Hoardings
47:19 Padded Archer Armor
47:50 Squires
47:36 Arson
51:25 Bloodlines
51:16 Husbandry
50:36 Light Cavalry
Josmi-Ga'lock
0:28 Loom
10:21 Feudal Age
11:04 Town Watch
11:09 Double-Bit Axe
11:05 Horse Collar
12:19 Horse Collar
15:37 Town Watch
20:16 Castle Age
18:18 Fletching
18:38 Stone Mining
19:03 Gold Mining
21:36 Wheelbarrow
25:43 Bow Saw
25:56 Heavy Plow
28:05 Gold Shaft Mining
31:16 Forging
31:07 Scale Mail Armor
31:02 Bodkin Arrow
34:23 Imperial Age
32:53 Chain Mail Armor
32:59 Squires
32:44 Arson
34:25 Iron Casting
35:26 Conscription
36:10 Elite Varangian Guard
37:31 Plate Mail Armor
38:44 Two-Man Saw
37:43 Gambesons
38:26 Bracer
40:33 Chemistry
39:55 Ballistics
41:12 Hand Cart
41:31 Elite Hearth Troop
42:19 Pikeman
43:37 Crop Rotation
43:54 Caravan
44:02 Halberdier
45:54 Treadmill Crane
46:24 Masonry
46:55 Shield Wall
52:03 Coinage
51:45 Guilds
53:35 Town Patrol
56:31 Hoardings
Connection lost

Rejoining the realm…

Still unreachable

The connection could not be restored.

Session expired

The server has moved on; the page needs a fresh start.